 Dungeon Crawl Stone Soup version 0.25-a0-815-gab441bd002 (webtiles) character file.

Game seed: 3922121021773540133, levelgen mode: deterministic

87 Maedhros the Charlatan (level 4, 0/28 HPs)
             Began as an Octopode Artificer on Apr 20, 2020.
             Was an Initiate of Cheibriados.
             Succumbed to a worker ant's poison
             ... on level 4 of the Dungeon.
             The game lasted 00:02:43 (1036 turns).

Maedhros the Charlatan (Octopode Artificer)         Turns: 1036, Time: 00:02:43

Health: 0/28       AC:  1    Str: 12    XL:     4   Next: 51%
Magic:  16/16      EV: 13    Int: 14    God:    Cheibriados [......]
Gold:   92         SH:  0    Dex: 14    Spells: 3/3 levels left

rFire    . . .     SeeInvis .   h - +1 dagger (flame)
rCold    . . .     Gourm    .   (no shield)
rNeg     . . .     Faith    .   (helmet restricted)
rPois    .         Spirit   .   l - amulet of inaccuracy (curse)
rElec    .         Reflect  .   g - ring of magical power
rCorr    .         Harm     .   (no ring)
MR       .....                  (no ring)
Stlth    +++.......             (no ring)
HPRegen  0.09/turn              (no ring)
MPRegen  0.15/turn              (no ring)
                                (no ring)
                                (no ring)

@: lethally poisoned (0 -> -10), very slow
A: almost no armour, stealthy swim, amphibious, 8 rings, constrict 8, camouflage
1, gelatinous body 1
a: Bend Time, Renounce Religion


You were on level 4 of the Dungeon.
You worshipped Cheibriados.
Cheibriados was noncommittal.
You were hungry.

You visited 2 branches of the dungeon, and saw 6 of its levels.

You collected 92 gold pieces.

Inventory:

Hand Weapons
 a - a +0 short sword
 h - a +1 dagger of flaming (weapon)
Jewellery
 g - a ring of magical power (left tentacle)
 l - a cursed amulet of inaccuracy (around mantle)
Wands
 b - a wand of flame (9)
 c - a wand of enslavement (16)
 d - a wand of random effects (14)
Scrolls
 e - 3 scrolls of identify
 i - a scroll of teleportation
 j - 2 scrolls of immolation
 k - a scroll of amnesia
 n - a scroll of enchant armour
Comestibles
 f - 3 rations


   Skills:
 - Level 1.0 Fighting
 - Level 1.0 Short Blades
 - Level 2.0 Dodging
 + Level 3.1 Stealth
 * Level 2.7 Unarmed Combat
 + Level 4.0 Evocations


You had 3 spell levels left.
You didn't know any spells.
Your spell library was empty.

Dungeon Overview and Level Annotations

Branches:
Dungeon (5/15)             Temple (1/1) D:5

Altars:
Ashenzari
Cheibriados
Dithmenos
Elyvilon
Fedhas
Hepliaklqana
Makhleb
Okawaru
Ru
Uskayaw
Vehumet
Xom

Annotations:
D:3 3 runed translucent doors, anet's ghost, amateur GnWn


Innate Abilities, Weirdness & Mutations

You cannot wear most types of armour.
You are very stealthy in the water. (Stealth+)
You are amphibious.
You can wear up to eight rings at the same time.
You can use your tentacles to constrict eight enemies at once.
Your skin changes colour to match your surroundings (Stealth+).
Your rubbery body absorbs attacks. (AC +1, EV +1)


Message History

Aim: a worker ant (severely wounded, constricted by you)
The puff of flame hits the worker ant.
You kill the worker ant!
Cheibriados thoroughly appreciates the change of pace.
Your Stealth skill increases to level 3!
Your Evocations skill increases to level 4!
* * * LOW HITPOINT WARNING * * *
You feel sick.
* * * LOW HITPOINT WARNING * * *
You feel sick.
* * * LOW HITPOINT WARNING * * *
You feel sick.
* * * LOW HITPOINT WARNING * * *
You feel sick.
You are feeling hungry.
* * * LOW HITPOINT WARNING * * *
You feel sick.
* * * LOW HITPOINT WARNING * * *
You feel sick.
You die...

#....#'############
######...†#..#........
#.........'..#.......
#####+##.........#..+......
..#..............####.....
..'......>[..............########
###......................'.......
#.....#####............#.......
..#.....# #...@........##'#####
..'.....# +....######'##...##
###.....#####....#......#.....#
.................#......#a>...#
.................'......+.)...#
.................##########+###
...............<.......
..######.......<....... ..#
#...).####......


There were no monsters in sight!

Vanquished Creatures
  2 worker ants
  A gnoll (D:4)
  2 adders
  An adder skeleton (D:4)
  A leopard gecko (D:3)
  An orc (D:5)
  A bat (D:3)
  2 giant cockroaches
  2 goblins
  2 hobgoblins
  3 frilled lizards
  2 rats
20 creatures vanquished.

Vanquished Creatures (collateral kills)
  A frilled lizard (D:5)
1 creature vanquished.

Vanquished Creatures (others)
  A jelly (D:5)
  An adder (D:5)
2 creatures vanquished.

Grand Total: 23 creatures vanquished

Notes
Turn   | Place    | Note
-------+----------+-------------------------------------------
     0 | D:1      | Maedhros the Octopode Artificer began the quest for the
                  | Orb.
     0 | D:1      | Reached XP level 1. HP: 13/13 MP: 3/3
   165 | D:3      | Reached skill level 1 in Unarmed Combat
   165 | D:3      | Reached XP level 2. HP: 18/18 MP: 4/4
   222 | D:3      | Noticed anet's ghost (amateur GnWn)
   229 | D:3      | Found a runed translucent gate.
   229 | D:3      | Found a runed translucent gate.
   232 | D:3      | Found a runed translucent gate.
   281 | D:4      | Reached XP level 3. HP: 8/23 MP: 5/5
   319 | D:5      | Entered Level 5 of the Dungeon
   562 | D:5      | HP: 1/23 [worker ant (7)]
   578 | D:5      | Found a staircase to the Ecumenical Temple.
   587 | Temple   | Entered the Ecumenical Temple
   626 | Temple   | Became a worshipper of Cheibriados the Contemplative
   672 | D:5      | HP: 1/23 [crimson imp (2)]
   900 | D:5      | Reached XP level 4. HP: 22/28 MP: 6/6
  1030 | D:4      | Reached skill level 4 in Evocations
  1035 | D:4      | HP: 1/28 [poisoned by a worker ant]
  1036 | D:4      | Succumbed to a worker ant's poison

Levels and vault maps discovered:
D:1:      elethiomel_arrival_quiet, layout_rooms, hangedman_decor_growths
D:2:      layout_loops_cross, first_ration, corexii_corridor_pit
D:3:      layout_loops_ring, gammafunk_temple_overflow_wave,
          gammafunk_ghost_split
D:4:      layout_gridville
D:5:      cheibrodos_thug_alley, layout_basic, kennysheep_little_box,
          minmay_temple_entry_antechambers, serial_shops, shop
Temple:   kb_temple_of_zot

Skill      XL: |  1  2  3  4 |
---------------+-------------+-----
Stealth        | 2 3 |  3.1
Unarmed Combat | 1 2 |  2.7
Evocations     | 4 |  4.0
Fighting       | |  1.0
Short Blades   | |  1.0
Dodging        | |  2.0

Action                   |  1- 3 |  4- 6 || total
-------------------------+-------+-------++-------
Melee: Short sword       |    16 |       ||    16
       Tentacles         |     7 |     2 ||     9
       Constrict         |    10 |     3 ||    13
       Dagger            |    23 |     8 ||    31
Evoke: Wand              |     7 |     4 ||    11
  Use: Scroll            |     5 |       ||     5
       Potion            |     1 |       ||     1
 Stab: Sleeping          |     2 |       ||     2
       Distracted        |     1 |       ||     1
Armor: Skin              |     4 |     1 ||     5
Dodge: Dodged            |    26 |     6 ||    32

Table legend:
 A = Non-vault XP
 B = Vault XP
 C = Vault XP percentage of total XP
 D = Non-vault monster count
 E = Vault monster count
 F = Vault count percentage of total count
                 A         B        C        D         E       F
            +---------+---------+-------+---------+---------+-------
      Total |     123 |       2 |   1.6 |      20 |       1 |   4.8
            +---------+---------+-------+---------+---------+-------
        D:1 |       3 |       0 |   0.0 |       2 |       0 |   0.0
        D:2 |       2 |       0 |   0.0 |       1 |       0 |   0.0
        D:3 |      24 |       0 |   0.0 |       8 |       0 |   0.0
        D:4 |      52 |       0 |   0.0 |       3 |       0 |   0.0
        D:5 |      42 |       2 |   4.5 |       6 |       1 |  14.3
            +---------+---------+-------+---------+---------+-------
